 Dungeon Crawl Stone Soup version 0.21.1-1-g345015fe64 (webtiles) character file.

6447 Htamos the Cleaver (level 10, 0/94 HPs)
             Began as a Deep Dwarf Fighter on July 10, 2018.
             Was a Priest of Makhleb.
             Killed by divine providence
             ... invoked by a smoke demon
             ... summoned by the player character
              (8 damage)
             ... on level 9 of the Dungeon.
             The game lasted 00:28:50 (7899 turns).

Htamos the Cleaver (Deep Dwarf Fighter)             Turns: 7899, Time: 00:28:50

Health: 0/94       AC: 20    Str: 22    XL:     10   Next: 67%
Magic:  0/0        EV:  6    Int:  8    God:    Makhleb [***...]
Gold:   491        SH: 11    Dex: 14    Spells: 9/9 levels left

rFire    . . .     SeeInvis .   g - +4 whip (holy)
rCold    . . .     Gourm    .   c - +0 shield
rNeg     . . .     Faith    .   k - +2 chain mail {MR+}
rPois    .         Spirit   .   j - +2 helmet
rElec    .         Reflect  .   (no cloak)
rCorr    .         Harm     .   (no gloves)
MR       ++...                  l - +2 pair of boots
Stlth    ..........             (no amulet)
HPRegen  0.00/turn              (no ring)
MPRegen  0.07/turn              (no ring)

@: lethally poisoned (0 -> -2), non-regenerating, drained
A: damage resistance, heal wounds, sense surroundings 2, no regeneration
a: Heal Wounds, Minor Destruction, Lesser Servant of Makhleb, Renounce Religion


You were on level 9 of the Dungeon.
You worshipped Makhleb.
Makhleb was most pleased with you.
You were not hungry.

You visited 2 branches of the dungeon, and saw 10 of its levels.
You also visited: Sewer.

You collected 705 gold pieces.
You spent 214 gold pieces at shops.

Inventory:

Hand Weapons
 a - a +0 war axe
 g - a +4 whip of holy wrath (weapon)
 F - a +2 battleaxe of freezing
Armour
 c - a +0 shield (worn)
 j - a +2 helmet (worn)
 k - a +2 chain mail of magic resistance (worn)
 l - a +2 pair of boots (worn)
 q - the cursed +0 ring mail of Nobeadd {rCorr, unknown}
   (You found it on level 4 of the Dungeon)

   It protects you from acid and corrosion.
   It has a curse placed upon it.
 t - a +0 plate armour
Wands
 y - a wand of paralysis (16)
Scrolls
 d - a scroll of fog
 p - a scroll of enchant armour {unknown}
 x - 2 scrolls of amnesia
 B - 3 scrolls of identify
 C - 2 scrolls of remove curse
Potions
 b - a potion of flight
 h - 2 potions of brilliance
 m - a potion of heal wounds
 n - 2 potions of degeneration {unknown}
 o - 4 potions of agility {unknown}
 r - a potion of magic {unknown}
 u - a potion of resistance {unknown}
 v - a potion of lignification {unknown}
 w - a potion of cancellation {unknown}
 z - a potion of berserk rage {unknown}
Books
 i - a book of Minor Magic

   Spells                             Type                      Level
   a - Magic Dart                     Conjuration                  1
   b - Blink                          Translocation                2
   c - Call Imp                       Summoning                    2
   d - Slow                           Hexes                        2
   e - Conjure Flame                  Conjuration/Fire             3
   f - Mephitic Cloud                 Conjuration/Poison/Air       3
 s - a book of Party Tricks

   Spells                             Type                      Level
   a - Summon Butterflies             Summoning                    1
   b - Apportation                    Translocation                1
   c - Lesser Beckoning               Translocation                3
   d - Tukima's Dance                 Hexes                        3
   e - Alistair's Intoxication        Transmutation/Poison         5
   f - Invisibility                   Hexes                        6
Comestibles
 f - 5 rations


   Skills:
 * Level 7.2(6.4) Fighting
 + Level 10.6(9.7) Axes
 * Level 9.8(8.9) Armour
 + Level 8.5(7.7) Shields
 + Level 0.1(0.0) Invocations


You had 9 spell levels left.
You didn't know any spells.

Dungeon Overview and Level Annotations

Branches:
Dungeon (9/15)             Temple (1/1) D:5
   Lair: D:8-11         Orc: D:9-12

Altars:
Ashenzari
Elyvilon
Fedhas
Hepliaklqana
Kikubaaqudgha
Makhleb
Nemelex Xobeh
Qazlal
Sif Muna
Trog
Vehumet
Wu Jian
Xom
Yredelemnul

Shops:
D:4 [   D:7 %

Annotations:
D:9 Maurice


Innate Abilities, Weirdness & Mutations

You are resistant to damage.
You can heal yourself by infusing magical energy.
You passively map the area around you.
You do not regenerate.


Message History

The killer bee is covered in liquid flames!
You swap places.
You are covered in liquid flames!
* * * LOW HITPOINT WARNING * * *
You feel sick.
The killer bee burns!
The killer bee completely misses your smoke demon.
The orc misses your smoke demon.
The killer bee barely misses your smoke demon.
Your smoke demon hits the killer bee.
Your smoke demon barely misses the killer bee.
Your smoke demon hits the killer bee.
The killer bee dies!
Makhleb accepts your kill.
There is an escape hatch in the floor here.
You are covered in liquid flames!
* * * LOW HITPOINT WARNING * * *
You feel sick. The smoke demon gestures at you. Makhleb smites you!
You die...

......#.....##...........#.##
.....[#..................yyy#
[...................#.#.#y#yh....
)................................
....................#.#.#.#...y..
.............................$.y.
..#.....#......3....#.#.#.#......
.###...###...†o†..............!..
..#.....#......3@...#.#.#.#......
.................................
.................................
....,............................
, ...#........................
**,..###.................#.#.#.
,,*, ...#.....PP.................
,........PPP.........#.#.#.#.
.###....._.................


You could see a smoke demon, an orc and a friendly smoke demon.

Vanquished Creatures
  A queen bee (D:8)
  A hornet (D:7)
  Prince Ribbit (D:7)
  3 hungry ghosts
  Menkaure (D:4)
  Edmund (D:6)
  Duvessa (D:6)
  2 orc warriors
  5 black bears
  A necrophage (D:6)
  A sky beast (D:5)
  2 ice beasts
  6 ogres
  A phantom (D:3)
  A centaur (D:8)
  A crocodile (D:7)
  7 bullfrogs
  Dowan (D:6)
  A water moccasin zombie (D:8)
  2 scorpions
  7 wights
  17 killer bees
  3 howler monkeys (D:8)
  5 crimson imps
  2 quasits
  4 jellies
  A bullfrog skeleton (D:8)
  8 hounds
  6 orc wizards
  3 iguanas
  5 worker ants
  A hound zombie (D:5)
  The ghost of Lavandula the Digger, a weakling BaEE (D:3)
  A worker ant zombie (D:7)
  Robin (D:2)
  3 gnolls (D:5)
  A howler monkey skeleton (D:5)
  13 adders
  3 shadow imps
  18 oozes
  An adder zombie (D:5)
  6 adder skeletons
  5 worms
  2 dart slugs
  25 leopard geckos
  16 orcs
  10 ball pythons
  6 bats
  16 giant cockroaches
  13 goblins
  9 hobgoblins
  6 quokkas
  14 frilled lizards
  6 kobolds
  9 rats
  2 fungi (D:5)
289 creatures vanquished.

Vanquished Creatures (collateral kills)
  2 killer bees (D:9)
2 creatures vanquished.

Vanquished Creatures (others)
  7 fungi
7 creatures vanquished.

Grand Total: 298 creatures vanquished

Notes
Turn   | Place    | Note
-------+----------+-------------------------------------------
     0 | D:1      | Htamos the Deep Dwarf Fighter began the quest for the Orb.
     0 | D:1      | Reached XP level 1. HP: 20/20 MP: 1/1
     3 | D:1      | Noticed an electric eel
     3 | D:1      | Noticed an electric eel
   142 | D:1      | Reached skill level 3 in Axes
   150 | D:1      | Reached XP level 2. HP: 21/27 MP: 2/2
   404 | D:1      | Reached XP level 3. HP: 26/33 MP: 3/3
   553 | D:1      | Reached skill level 4 in Axes
   831 | D:2      | Noticed Robin
   840 | D:1      | Reached XP level 4. HP: 32/40 MP: 4/4
   892 | D:1      | Reached skill level 5 in Axes
   904 | D:2      | Killed Robin
   967 | D:2      | Found an ornate altar of the Wu Jian Council.
  1679 | D:3      | Reached XP level 5. HP: 31/46 MP: 5/5
  1694 | D:3      | Noticed a phantom
  1730 | D:3      | Killed a phantom
  1730 | D:3      | Reached skill level 6 in Axes
  1914 | D:3      | Noticed Lavandula's ghost (weakling BaEE)
  1924 | D:3      | Killed Lavandula's ghost
  2060 | D:4      | Noticed Menkaure
  2095 | D:3      | Reached skill level 7 in Axes
  2095 | D:3      | Reached XP level 6. HP: 50/55 MP: 5/5
  2115 | D:4      | Killed Menkaure
  2205 | D:4      | Reached skill level 8 in Axes
  2258 | D:4      | Found Dunidd's Armour Emporium.
  2263 | D:4      | Bought a +2 pair of boots for 214 gold pieces
  2347 | D:4      | Got a dazzling ring mail
  2377 | D:4      | Reached XP level 7. HP: 40/61 MP: 5/5
  2587 | D:5      | Entered Level 5 of the Dungeon
  2620 | D:5      | Found a glowing drain.
  2646 | Sewer    | Entered a sewer
  3037 | Sewer    | Reached skill level 9 in Axes
  3360 | D:5      | Reached XP level 8. HP: 36/69 MP: 6/6
  3415 | D:5      | Found a staircase to the Ecumenical Temple.
  3472 | Temple   | Entered the Ecumenical Temple
  3566 | Temple   | Became a worshipper of Makhleb the Destroyer
  3617 | D:5      | Found a basalt altar of Yredelemnul.
  3653 | D:5      | Reached skill level 5 in Armour
  3800 | D:5      | Found a sparkling altar of Nemelex Xobeh.
  4001 | D:5      | Reached skill level 5 in Shields
  4174 | D:6      | Noticed Edmund
  4237 | D:6      | Killed Edmund
  4424 | D:6      | Reached skill level 5 in Fighting
  4522 | D:6      | Gained mutation: You passively map the area around you. [Deep Dwarf growth]
  4522 | D:6      | Reached XP level 9. HP: 62/81 MP: 6/6
  4525 | D:6      | Reached * piety under Makhleb
  4574 | D:6      | Noticed Dowan
  4575 | D:6      | Noticed Duvessa
  4590 | D:6      | Killed Dowan
  4598 | D:6      | Killed Duvessa
  5208 | D:7      | Found the ring of Shadows {Umbra +Inv Stlth+}
  5463 | D:7      | Found Usmammu's Food Shop.
  5599 | D:7      | Noticed Prince Ribbit
  5605 | D:7      | Reached ** piety under Makhleb
  5620 | D:7      | Reached skill level 10 in Axes
  5670 | D:7      | Killed Prince Ribbit
  6010 | D:8      | Found a burning altar of Makhleb.
  6100 | D:8      | Reached XP level 10. HP: 54/91 MP: 7/7
  6226 | D:8      | Paralysed by fainting for 7 turns
  7157 | D:9      | Reached *** piety under Makhleb
  7256 | D:9      | Found a blossoming altar of Fedhas.
  7280 | D:9      | Noticed Maurice
  7399 | D:8      | HP: 4/92 [poisoned by Maurice]
  7400 | D:8      | HP: 1/92 [poisoned by Maurice]
  7588 | D:8      | HP: 3/94 [queen bee (7)]
  7894 | D:9      | Noticed a smoke demon
  7899 | D:9      | Killed from afar by a smoke demon

Skill      XL: |  1  2  3  4  5  6  7  8  9 10 |
---------------+-------------------------------+-----
Axes           | 3 4 5 7 8 9 10 | 10.6
Fighting       | 3 5 6 7 |  7.2
Armour         | 4 6 8 9 |  9.8
Shields        | 4 6 7 8 |  8.5
Invocations    | |  0.1

Action                   |  1- 3 |  4- 6 |  7- 9 | 10-12 || total
-------------------------+-------+-------+-------+-------++-------
Melee: War axe           |   120 |    29 |       |       ||   149
       Whip              |       |   186 |   524 |   320 ||  1030
       Broad axe         |       |       |   257 |   225 ||   482
Invok: Lesser Servant of |       |       |       |     3 ||     3
 Abil: Heal Wounds       |     1 |     6 |    10 |    22 ||    39
  Use: Scroll            |       |     8 |     6 |     4 ||    18
       Potion            |       |     1 |     2 |       ||     3
  Eat: Chunk             |       |     5 |    11 |     3 ||    19
       Ration            |       |       |     2 |     3 ||     5
Armor: Ring mail         |    61 |    37 |       |       ||    98
       Scale mail        |     1 |       |       |       ||     1
       Chain mail        |       |    36 |   104 |   493 ||   633
       Plate armour      |       |    21 |   367 |       ||   388
Dodge: Dodged            |    47 |    50 |   145 |   174 ||   416
Block: Shield            |    74 |   117 |   412 |   416 ||  1019
